AoeStats
← nor29

Arabia

510160312Analyzed
1v1 RM · 19h ago on Sep 29, 2026· 41m 26s· 2 players
Game mode
Random Map
Map size
Tiny (2 player)
Population
200
Speed
Normal
Resources
Standard
Victory
Conquest
Starting age
Dark Age
Ending age
Imperial Age
RankedLock teamsTeams togetherTeam positionsShared explorationLock speedFull tech treeHidden civsTurbo modeCheats
Victory
Defeat
🇵🇪 Slavs · Peru
713
+16
🇺🇾 Ethiopians · Uruguay
709
-16
jmanuelgiriboni
3:25 Loom
10:31 Feudal Age
19:03 Castle Age
17:21 Double-Bit Axe
18:33 Fletching
19:40 Forging
21:02 Squires
21:19 Horse Collar
25:06 Wheelbarrow
26:28 Crossbowman
26:35 Crossbowman
28:58 Bodkin Arrow
30:40 Town Watch
37:29 Scale Mail Armor
38:04 Iron Casting
38:40 Scale Barding Armor
39:28 Husbandry
nor29
2:39 Loom
10:30 Feudal Age
11:15 Horse Collar
11:28 Double-Bit Axe
21:28 Castle Age
21:27 Bloodlines
21:24 Fletching
22:40 Husbandry
24:06 Bow Saw
24:36 Heavy Plow
27:01 Wheelbarrow
35:05 Imperial Age
36:04 Cavalier
37:20 Pikeman
38:17 Heavy Scorpion
40:20 Hand Cart
40:59 Ballistics
41:00 Detinets
Connection lost

Rejoining the realm…

Still unreachable

The connection could not be restored.

Session expired

The server has moved on; the page needs a fresh start.